 Dungeon Crawl Stone Soup version 0.30-a0-373-gd37427bb62 (webtiles) character file.

Game seed: 5656504071542123832

7891 kiwi3s the Severer (level 11, -4/156 HPs)
             Began as a Minotaur Berserker on Nov 23, 2022.
             Was a High Priest of Trog.
             Succumbed to barbed spike wounds
             ... on level 10 of the Dungeon.
             The game lasted 00:08:08 (9854 turns).

kiwi3s the Severer (Minotaur Berserker)             Turns: 9854, Time: 00:08:08

Health: -4/156     AC: 12    Str: 25    XL:     11   Next: 2%
Magic:  10/10      EV:  8    Int:  4    God:    Trog [*****.]
Gold:   389        SH:  0    Dex: 11    Spells: 10/10 levels left

rFire   . . .      SeeInvis +    a - +0 hand axe
rCold   . . .      Faith    .    (no shield)
rNeg    + . .      Spirit   .    y - +0 plate armour
rPois   .          Reflect  .    (helmet restricted)
rElec   .          Harm     .    F - +0 cloak
rCorr   .          Rampage  .    (no gloves)
Will    .....                    (no boots)
Stlth   ..........               (no amulet)
HPRegen 0.46/turn                o - ring of see invisible
MPRegen 0.12/turn                p - ring of positive energy

@: berserking (expiring), lethally poisoned (-4 -> -11), weakened, spiked, very
quick
A: horns 2, retaliatory headbutt
a: Renounce Religion, Berserk, Trog's Hand, Brothers in Arms


You were on level 10 of the Dungeon.
You worshipped Trog.
Trog was extremely pleased with you.
You visited 1 branch of the dungeon, and saw 10 of its levels.

You collected 389 gold pieces.

Inventory:

Hand Weapons
 a - a +0 hand axe (weapon)
Armour
 b - a +0 animal skin
 s - a +2 scale mail of cold resistance
 y - a +0 plate armour (worn)
 F - a +0 cloak (worn)
Jewellery
 o - a ring of see invisible (left hand)
 p - a ring of positive energy (right hand)
 D - a ring of protection from fire
Wands
 f - a wand of digging (12)
 g - a wand of acid (19)
 u - a wand of iceblast (9)
 E - a wand of polymorph (4)
Scrolls
 c - 13 scrolls of identify {unknown}
 d - 5 scrolls of teleportation {unknown}
 e - 3 scrolls of poison {unknown}
 h - a scroll of enchant armour {unknown}
 i - a scroll of amnesia {unknown}
 k - 2 scrolls of magic mapping {unknown}
 l - 2 scrolls of butterflies {unknown}
 m - 2 scrolls of noise {unknown}
 r - 2 scrolls of fear {unknown}
 v - 2 scrolls of vulnerability {unknown}
 B - a scroll of enchant weapon {unknown}
 C - a scroll of brand weapon {unknown}
 K - 2 scrolls of immolation {unknown}
Potions
 j - 4 potions of might
 n - a potion of degeneration {unknown}
 q - 3 potions of mutation {unknown}
 t - 2 potions of haste
 w - a potion of magic {unknown}
 x - a potion of resistance {unknown}
 z - 2 potions of flight {unknown}
 A - 2 potions of cancellation
 G - a potion of curing
 H - a potion of heal wounds {unknown}
 I - a potion of berserk rage {unknown}
 J - a potion of invisibility {unknown}


   Skills:
 + Level 12.0 Fighting
 - Level 15.4 Axes
 - Level 2.4 Armour
 + Level 6.8 Dodging


You had 10 spell levels left.
You didn't know any spells.
Your spell library was empty.

Dungeon Overview and Level Annotations

Branches:
Dungeon (10/15)            Temple (0/1) D:4
   Lair: D:8-11         Orc: D:9-12

Altars:
Dithmenos
Kikubaaqudgha
Nemelex Xobeh
Uskayaw
Vehumet
Wu Jian
Xom
Yredelemnul

Shops:
D:9 :


Innate Abilities, Weirdness & Mutations

You have a pair of horns on your head.
You reflexively headbutt those who attack you in melee.


Message History

You are too injured to fight recklessly!
Unknown command.
You slash the red devil! Your headbutt misses the red devil.
The red devil is almost dead.
You slash the orange demon! You hit the orange demon.
You feel sick.
Unknown command.
You are too injured to fight recklessly!
You hit the red devil.
You kill the red devil!
Trog accepts your kill.
You hit the orange demon. x2; You feel sick.
The orange demon stings you.
* * * LOW HITPOINT WARNING * * *
The orange demon barely misses you. The orange demon stings you.
* * * LOW HITPOINT WARNING * * *
The orange demon hits you but does no damage.
You are too injured to fight recklessly!
The barbed spikes dig painfully into your body as you move.
* * * LOW HITPOINT WARNING * * *
You feel sick. The orange demon stings you from afar!
* * * LOW HITPOINT WARNING * * *
The orange demon stings you.
* * * LOW HITPOINT WARNING * * *
The orange demon closely misses you.
You see here a +0 trident.
You slash the orange demon!
The orange demon is almost dead.
* * * LOW HITPOINT WARNING * * *
You feel sick.
Unknown command.
You are too injured to fight recklessly!
You are too berserk!
You hit the orange demon.
You kill the orange demon!
Trog accepts your kill.
* * * LOW HITPOINT WARNING * * *
You feel sick.
Your Fighting skill increases to level 12!
You have reached level 11!
The barbed spikes dig painfully into your body as you move.
You die...

# #$..!#.. ##....
#.#[..!#.## ##...
#.##..##..# ##'#
#..#..#=..#### ###.#
#..).......>.# #....
#...?.....##.# ##.#.#
#...#..#...##.####.....
#. ##..##..............
. #.)@4#..##.####.....
#.# #....#.###.# ##.#.#
#...##.!##.....# #.#.#
#..####..##### #....
#........# ###.#
#####.#### #.# #.###
#.# #...## #.# ###..#
#######.#


You could see an orange demon.

Vanquished Creatures
  Joseph (D:8)
  2 orange demons (D:10)
  Maggie (D:7)
  A red devil (D:10)
  Sigmund (D:6)
  A wyvern (D:9)
  15 yaks
  A wraith (D:9)
  Eustachio (D:4)
  3 vampire mosquitoes (D:8)
  Menkaure (D:4)
  Duvessa (D:7)
  An orc warrior (D:6)
  3 black bears
  5 ice beasts
  A sky beast (D:8)
  A centaur (D:5)
  A kobold brigand (D:7)
  2 bullfrogs (D:8)
  Blork the orc (D:6)
  A necrophage (D:5)
  A gnoll sergeant (D:10)
  A scorpion (D:6)
  14 wights
  Dowan (D:7)
  A howler monkey (D:6)
  2 hounds (D:5)
  2 orc priests
  Crazy Yiuf (D:6)
  4 jellies
  A gnoll bouda (D:6)
  3 iguanas
  Natasha (thrice) (D:4)
  5 orc wizards
  Ijyb (D:4)
  8 adders
  8 gnolls
  4 white imps
  An ufetubus (D:5)
  2 worms (D:2)
  3 dart slugs
  29 orcs
  5 ball pythons
  8 bats
  5 endoplasms
  8 giant cockroaches
  7 hobgoblins
  6 jackals
  6 kobolds
  4 quokkas
  A frilled lizard (D:2)
  8 goblins
  2 rats (D:3)
  A spectral orc (D:9)
201 creatures vanquished.

Vanquished Creatures (others)
  4 fungi (D:6)
4 creatures vanquished.

Grand Total: 205 creatures vanquished

Notes
Turn   | Place    | Note
-------+----------+-------------------------------------------
     0 | D:1      | kiwi3s the Minotaur Berserker began the quest for the Orb.
     0 | D:1      | Reached XP level 1. HP: 19/19 MP: 0/0
   100 | D:1      | Found a faded altar of an unknown god.
   109 | D:1      | Reached skill level 4 in Axes
   175 | D:1      | Reached XP level 2. HP: 22/26 MP: 1/1
   880 | D:2      | Found a shadowy altar of Dithmenos.
  1012 | D:2      | Reached skill level 5 in Axes
  1201 | D:2      | Reached XP level 3. HP: 30/31 MP: 2/2
  1386 | D:2      | Reached ** piety under Trog
  1949 | D:3      | Reached skill level 6 in Axes
  1949 | D:3      | Reached XP level 4. HP: 37/39 MP: 3/3
  2314 | D:4      | Noticed Menkaure
  2314 | D:4      | Noticed a black bear
  2323 | D:4      | Killed a black bear
  2324 | D:4      | Reached skill level 7 in Axes
  2324 | D:4      | Reached XP level 5. HP: 36/45 MP: 4/4
  2329 | D:4      | Killed Menkaure
  2330 | D:4      | Reached skill level 8 in Axes
  2330 | D:4      | Reached XP level 6. HP: 22/51 MP: 5/5
  2610 | D:4      | Noticed Natasha
  2617 | D:4      | Killed Natasha
  2730 | D:4      | Noticed Eustachio
  2767 | D:4      | Killed Eustachio
  2768 | D:4      | Reached skill level 9 in Axes
  2952 | D:4      | Noticed Natasha
  2962 | D:4      | Killed Natasha
  3026 | D:4      | Noticed Ijyb
  3034 | D:4      | Reached XP level 7. HP: 47/57 MP: 6/6
  3047 | D:4      | Killed Ijyb
  3156 | D:4      | Found a radiant altar of Vehumet.
  3335 | D:4      | Found a staircase to the Ecumenical Temple.
  3349 | D:4      | Noticed Natasha
  3358 | D:4      | Reached skill level 10 in Axes
  3358 | D:4      | Killed Natasha
  3810 | D:4      | Reached *** piety under Trog
  4022 | D:5      | Entered Level 5 of the Dungeon
  4219 | D:5      | Reached skill level 11 in Axes
  4547 | D:5      | Noticed a +0 hand axe
  4550 | D:5      | Noticed a +0 hand axe
  4553 | D:5      | Found a hide-covered altar of Uskayaw.
  4793 | D:5      | Reached XP level 8. HP: 18/64 MP: 7/7
  4907 | D:5      | Reached skill level 12 in Axes
  5373 | D:6      | Noticed Blork the orc
  5380 | D:6      | Found an ancient bone altar of Kikubaaqudgha.
  5387 | D:6      | Killed Blork the orc
  5445 | D:6      | Noticed Sigmund
  5452 | D:6      | Killed Sigmund
  5453 | D:6      | Reached skill level 13 in Axes
  5543 | D:6      | Found a runed translucent door.
  5544 | D:6      | Noticed Crazy Yiuf
  5741 | D:6      | Reached **** piety under Trog
  5898 | D:6      | Found a sparkling altar of Nemelex Xobeh.
  6126 | D:6      | Reached skill level 5 in Fighting
  6126 | D:6      | Reached XP level 9. HP: 74/74 MP: 8/8
  6216 | D:6      | Killed Crazy Yiuf
  6606 | D:7      | Noticed Maggie
  6624 | D:7      | Killed Maggie
  6625 | D:7      | Reached skill level 14 in Axes
  6758 | D:7      | Identified the +8 spear "Bylamp" {vamp, Dex+4}
  6902 | D:7      | Found an ornate altar of the Wu Jian Council.
  6902 | D:7      | Noticed Duvessa
  6906 | D:7      | Noticed Dowan
  6917 | D:7      | Killed Duvessa
  6920 | D:7      | Killed Dowan
  7274 | D:8      | Noticed Joseph
  7290 | D:8      | Killed Joseph
  7291 | D:8      | Reached skill level 15 in Axes
  7624 | D:8      | Found a shimmering altar of Xom.
  7685 | D:8      | Reached skill level 5 in Dodging
  7693 | D:8      | Reached XP level 10. HP: 75/86 MP: 9/9
  7985 | D:9      | Found Xuiden's Vocational Training.
  8294 | D:9      | Reached ***** piety under Trog
  8491 | D:9      | Reached skill level 10 in Fighting
  8640 | D:9      | Found a basalt altar of Yredelemnul.
  9223 | D:10     | Entered Level 10 of the Dungeon
  9830 | D:10     | Noticed an orange demon
  9831 | D:10     | Noticed an orange demon
  9832 | D:10     | Noticed an orange demon
  9841 | D:10     | Killed an orange demon
  9851 | D:10     | HP: 4/145 [orange demon (6)]
  9853 | D:10     | Killed an orange demon
  9854 | D:10     | Reached XP level 11. HP: 3/104 MP: 10/10
  9854 | D:10     | Succumbed to barbed spike wounds

Illustrated notes

Levels and vault maps discovered:
D:1:      sevenhm_arrival_forest_fort_large_2, layout_loops_ring,
          nicolae_ecumenical_snake_handling
D:2:      layout_basic, basic_altar, serial_rivers,
          chequers_serial_rivers_small_3, chequers_serial_rivers_micro_d,
          chequers_serial_rivers_micro_e, chequers_serial_rivers_large_b,
          chequers_serial_rivers_small_a
D:3:      layout_basic
D:4:      layout_cave_pods, fiery_altar_vehumet,
          minmay_temple_entry_drinking_statues, st_stairs_9, uniq_ijyb,
          uniq_menkaure, uniq_eustachio, uniq_natasha
D:5:      layout_basic, dancing_weapons_uskayaw
D:6:      layout_cave_pods, nemelex_diamond_rough_becter,
          mainiacjoe_overflow_boulevard, nicolae_elevator_lobby_asterisk,
          uniq_crazy_yiuf_cottage, uniq_sigmund, uniq_blork_the_orc
D:7:      layout_basic, mainiacjoe_overflow_24_doors, uniq_maggie, uniq_duvessa
D:8:      layout_basic, mainiacjoe_overflow_catwalk,
          chequers_serial_rivers_micro_e, uniq_joseph
D:9:      layout_basic, yredelemnul_forgotten_temple_becter,
          minmay_statues_item, nicolae_shop_vocational
D:10:     layout_loops_corners, serial_shops, shop_fountains,
          hangedman_abyss_or_decor_slice, minmay_beelzebubs_servants

Skill      XL: |  1  2  3  4  5  6  7  8  9 10 |
---------------+-------------------------------+-----
Axes           | 4 5 6 7 8 9 11 13 15 | 15.4
Fighting       | 5 7 12 | 12.0
Dodging        | 3 5 6 |  6.8
Armour         | |  2.4

Action                   |  1- 3 |  4- 6 |  7- 9 | 10-12 || total
-------------------------+-------+-------+-------+-------++-------
Melee: Hand axe          |    86 |    67 |   359 |   188 ||   700
       Headbutt          |    15 |    13 |    81 |    42 ||   151
       Punch             |     1 |     1 |     6 |     1 ||     9
Invok: Berserk           |       |     2 |     4 |     2 ||     8
       Trog's Hand       |       |       |     2 |       ||     2
  Use: Potion            |       |     3 |       |       ||     3
Armor: Animal skin       |    24 |    16 |    13 |       ||    53
       Plate armour      |       |       |    47 |    52 ||    99
Dodge: Dodged            |    64 |    47 |   129 |    63 ||   303

Table legend: (Time is in decaauts)
 A = Elapsed time spent in this place.
 B = Non-inter-level travel time spent in this place.
 C = Inter-level travel time spent in this place.
 D = Time resting spent in this place.
 E = Time spent auto-exploring this place.
 F = Levels seen in this place.
 G = Mean time per level.
                   A        B        C        D        E       F      G
               +--------+--------+--------+--------+--------+-----+--------+
         Total |   9787 |   9534 |    253 |   1120 |   7303 |  10 |  978.7 |
       Dungeon |   9787 |   9534 |    253 |   1120 |   7303 |  10 |  978.7 |
               +--------+--------+--------+--------+--------+-----+--------+

Top non-repeatable levels by time:
     D:4: 1713 daAuts
     D:6: 1116 daAuts
     D:9: 1115 daAuts
     D:5: 1100 daAuts
     D:2: 949 daAuts
     D:7: 937 daAuts
     D:1: 846 daAuts
     D:8: 831 daAuts
    D:10: 598 daAuts
     D:3: 578 daAuts
